 Dungeon Crawl Stone Soup version 0.27.1-2-g3b301248ec (webtiles) character file.

Game seed: 18307172041751806069

5490 Elvor the Thaumaturge (level 10, -4/75 HPs)
             Began as a Grey Draconian Conjurer on Sept 30, 2021.
             Was a Believer of Vehumet.
             Slain by a seven-headed hydra (9 damage)
             ... on level 6 of the Dungeon.
             The game lasted 01:55:51 (9650 turns).

Elvor the Thaumaturge (Grey Draconian Conjurer)     Turns: 9650, Time: 01:55:52

Health: -4/75      AC: 13    Str: 10    XL:     10   Next: 42%
Magic:  21/22      EV: 13    Int: 21    God:    Vehumet [**....]
Gold:   46         SH:  0    Dex: 10    Spells: 18/25 levels left

rFire    . . .     SeeInvis .   h - staff of cold
rCold    + + .     Faith    .   (no shield)
rNeg     . . .     Spirit   .   (armour unavailable)
rPois    .         Reflect  .   (helmet restricted)
rElec    .         Harm     .   (no cloak)
rCorr    .         Rampage  .   v - +0 pair of gloves
Will     .....                  (no boots)
Stlth    ++........             (no amulet)
HPRegen  0.22/turn              F - ring of protection from fire
MPRegen  0.18/turn              i - ring of ice

@: no status effects
A: AC +12, amphibious, unfitting armour, cold-blooded
a: Renounce Religion


You were on level 6 of the Dungeon.
You worshipped Vehumet.
Vehumet was pleased with you.
You visited 2 branches of the dungeon, and saw 10 of its levels.

You collected 462 gold pieces.
You spent 416 gold pieces at shops.

Inventory:

Hand Weapons
 l - a +0 hunting sling
 p - a +2 morningstar
 r - a +4 scimitar of flaming
 y - a +2 whip of electrocution
Missiles
 a - 137 stones
 g - 123 sling bullets
 q - 8 poisoned darts
 D - 16 boomerangs
 I - 7 datura-tipped darts
Armour
 v - a +0 pair of gloves (worn)
 N - a +0 kite shield
Magical Staves
 h - a staff of cold (weapon)
Jewellery
 f - a ring of positive energy
 i - a ring of ice (right hand)
 n - a ring of see invisible
 F - a ring of protection from fire (left hand)
 G - a +6 ring of strength
Wands
 j - a wand of digging (9)
 K - a wand of polymorph (9)
 L - a wand of flame (11)
 M - a wand of mindburst (4)
Scrolls
 b - a scroll of immolation {unknown}
 d - a scroll of magic mapping {unknown}
 e - 3 scrolls of enchant armour
 k - a scroll of amnesia {unknown}
 o - 2 scrolls of enchant weapon
 t - 2 scrolls of vulnerability
 u - a scroll of fog {unknown}
 E - 2 scrolls of teleportation {unknown}
Potions
 c - 3 potions of attraction
 m - a potion of berserk rage
 w - 4 potions of curing
 x - 2 potions of might
 z - a potion of mutation {unknown}
 A - 2 potions of flight {unknown}
 B - 2 potions of brilliance
 C - 2 potions of degeneration
 H - a potion of lignification {unknown}
 J - a potion of magic {unknown}


   Skills:
 + Level 2.8 Fighting
 + Level 0.1 Short Blades
 + Level 2.5 Staves
 + Level 7.0 Throwing
 + Level 4.2 Dodging
 + Level 3.5 Stealth
 + Level 8.1 Spellcasting
 + Level 7.5 Conjurations
 + Level 1.0 Transmutations
 + Level 3.1 Ice Magic
 + Level 3.0 Earth Magic
 + Level 1.0 Poison Magic
 + Level 1.2 Evocations


You had 18 spell levels left.
You knew the following spells:

 Your Spells              Type           Power      Damage    Failure   Level
a - Magic Dart            Conj           100%       1d8       1%          1
b - Searing Ray           Conj           80%        3d6       1%          2
c - Freeze                Ice            100%       1d11      2%          1
d - Sting                 Tmut/Pois      48%        1d5       5%          1
e - Sandblast             Erth           42%        2d11      2%          1
f - Apportation           Tloc           16%        N/A       8%          1

Your spell library contained the following spells:

 Spells                   Type           Power      Damage    Failure   Level
 Static Discharge         Conj/Air       24%        N/A       2%          2
 Dazzling Flash           Conj/Hex       48%        N/A       4%          3
 Beastly Appendage        Tmut           24%        N/A       5%          1
 Ensorcelled Hibernation  Hex/Ice        66%        N/A       6%          2
 Frozen Ramparts          Ice            96%        1d11      7%          3
 Animate Skeleton         Necr           16%        N/A       8%          1
 Corona                   Hex            8%         N/A       8%          1
 Summon Small Mammal      Summ           32%        N/A       8%          1
 Wereblood                Tmut           12%        N/A       8%          2
 Hailstorm                Conj/Ice       62%        3d13      9%          4
 Poisonous Vapours        Pois/Air       20%        N/A       10%         2
 Spider Form              Tmut/Pois      6%         N/A       16%         3
 Fulminant Prism          Conj/Hex       12%        3d9       17%         4
 Iskenderun's Mystic Bla  Conj/Tloc      24%        2d7       17%         4
 Olgreb's Toxic Radiance  Pois           12%        N/A       45%         4
 Dispersal                Tloc           4%         N/A       100%        6
 Shadow Creatures         Summ           N/A        N/A       100%        6
 Disjunction              Tloc           4%         N/A       100%        8


Dungeon Overview and Level Annotations

Branches:
Dungeon (9/15)             Temple (1/1) D:5
   Lair: D:8-11         Orc: D:9-12

Altars:
Ashenzari
Cheibriados
Dithmenos
Elyvilon
Fedhas
Gozag
Hepliaklqana
Kikubaaqudgha
Makhleb
Nemelex Xobeh
Okawaru
Qazlal
Ru
Sif Muna
Trog
Uskayaw
Vehumet
Wu Jian
Xom
Yredelemnul
Zin
The Shining One
Beogh

Shops:
D:9 !

Annotations:
D:7 2 transporters


Innate Abilities, Weirdness & Mutations

Your dull iron-grey scales are very hard. (AC +12)
You are amphibious.
You cannot fit into any form of body armour.
You are cold-blooded and may be slowed by cold attacks.


Message History

The seven-headed hydra bites you. The seven-headed hydra bites you!
You feel much better. The seven-headed hydra bites you!
The seven-headed hydra bites you.
The seven-headed hydra bites you but does no damage.
The seven-headed hydra bites you!
The seven-headed hydra closely misses you.
The seven-headed hydra bites you!
* * * LOW HITPOINT WARNING * * *
The seven-headed hydra misses you.
You feel much better.
The seven-headed hydra bites you but does no damage.
The seven-headed hydra bites you. The seven-headed hydra bites you!
The seven-headed hydra bites you.
* * * LOW HITPOINT WARNING * * *
The seven-headed hydra bites you but does no damage.
The seven-headed hydra closely misses you.
The seven-headed hydra bites you!
* * * LOW HITPOINT WARNING * * *
You feel much better.
The seven-headed hydra closely misses you.
The seven-headed hydra bites you! The seven-headed hydra bites you.
The seven-headed hydra bites you but does no damage.
The seven-headed hydra bites you.
* * * LOW HITPOINT WARNING * * *
The seven-headed hydra misses you. The seven-headed hydra bites you!
* * * LOW HITPOINT WARNING * * *
There is an open door here.
The seven-headed hydra bites you.
* * * LOW HITPOINT WARNING * * *
The seven-headed hydra barely misses you.
The seven-headed hydra closely misses you.
The seven-headed hydra barely misses you.
The seven-headed hydra bites you!
* * * LOW HITPOINT WARNING * * *
The seven-headed hydra bites you but does no damage. x2
Okay, then.
You feel better. The seven-headed hydra bites you.
* * * LOW HITPOINT WARNING * * *
The seven-headed hydra bites you!
You die...

.####............#.#.#.# .#
###'####.#####.#.#.#
.######.####.......#.#.#########
......................>........#
.#.......#######.###.#.######.##
.#.......## #.# #.#.# #.#
.#........# #.###.#.######.#
.#......#.######D....#.##.....#
.#............##@#####.##.#####
.#............##.......##.#
.#............##.#..#####.#
...#####......##.#..# #.# ##'##
#......##.#..# #.#
....######..####.#..# #.#
....#...............# #.#
....#.#####.####.#.### #.#
....#.# #..# #.#...# #.#


You could see a seven-headed hydra.

Vanquished Creatures
  Erica (D:9)
  Joseph (D:7)
  2 hornets
  Menkaure (D:7)
  Duvessa (D:5)
  5 orc warriors
  A black bear (D:5)
  An ice beast (D:6)
  A sky beast (D:7)
  2 ogres
  A necrophage (D:6)
  2 centaurs (D:9)
  5 bullfrogs
  A gnoll sergeant (D:9)
  Dowan (D:5)
  2 scorpions
  A water moccasin skeleton (D:4)
  4 killer bees (D:9)
  12 wights (D:7)
  9 electric eels (D:9)
  A bullfrog zombie (D:5)
  4 orc priests
  2 centaur skeletons
  A centaur zombie (D:9)
  3 gnoll shamans
  A bullfrog skeleton (D:5)
  2 iguanas (D:6)
  Natasha (thrice) (D:2)
  11 orc wizards
  A howler monkey zombie (D:9)
  19 gnolls
  A howler monkey skeleton (D:7)
  3 adders
  An ufetubus (D:7)
  An adder skeleton (D:5)
  2 worms
  A dart slug (D:2)
  36 orcs
  12 bats
  10 endoplasms
  6 giant cockroaches
  7 goblins
  6 hobgoblins
  2 jackals (D:5)
  7 kobolds
  9 quokkas
  6 ball pythons
  5 frilled lizards
  4 rats
221 creatures vanquished.

Vanquished Creatures (others)
  63 plants (D:9)
63 creatures vanquished.

Grand Total: 284 creatures vanquished

Notes
Turn   | Place    | Note
-------+----------+-------------------------------------------
     0 | D:1      | Elvor the Draconian Conjurer began the quest for the Orb.
     0 | D:1      | Reached XP level 1. HP: 14/14 MP: 3/3
   212 | D:1      | Reached XP level 2. HP: 6/20 MP: 0/5
   611 | D:1      | Reached XP level 3. HP: 21/26 MP: 2/6
   852 | D:2      | Learned a level 2 spell: Searing Ray
  1094 | D:2      | Reached skill level 5 in Conjurations
  1107 | D:2      | Learned a level 1 spell: Freeze
  1166 | D:2      | Reached XP level 4. HP: 27/33 MP: 2/7
  1186 | D:2      | Found a stormy altar of Qazlal.
  1414 | D:2      | Noticed Natasha
  1420 | D:2      | Killed Natasha
  1488 | D:2      | Noticed Natasha
  1500 | D:2      | Killed Natasha
  1501 | D:2      | Reached skill level 3 in Spellcasting
  1572 | D:2      | Noticed Natasha
  1576 | D:2      | Killed Natasha
  1577 | D:2      | Reached XP level 5. HP: 39/39 MP: 4/9
  1621 | D:2      | Learned a level 1 spell: Sting
  1630 | D:3      | Reached skill level 1 in Staves
  1935 | D:3      | Found a stormy altar of Qazlal.
  2203 | D:3      | Found a sacrificial altar of Ru.
  2217 | D:3      | Reached skill level 1 in Fighting
  2719 | D:4      | Noticed a black bear
  2866 | D:4      | Reached XP level 6. HP: 45/47 MP: 0/11
  2930 | D:4      | Reached skill level 4 in Spellcasting
  2992 | D:4      | Reached skill level 1 in Transmutations
  2992 | D:4      | Reached skill level 1 in Poison Magic
  3051 | D:4      | Found a glowing silver altar of Zin.
  3199 | D:4      | Reached skill level 1 in Ice Magic
  3199 | D:4      | Your scales start taking on a dull iron-grey colour.
  3199 | D:4      | Reached XP level 7. HP: 45/52 MP: 10/13
  3213 | D:4      | Found a shimmering altar of Xom.
  3268 | D:4      | Reached skill level 1 in Throwing
  3667 | D:5      | Entered Level 5 of the Dungeon
  3854 | D:5      | Reached skill level 5 in Spellcasting
  4148 | D:5      | Found a radiant altar of Vehumet.
  4159 | D:5      | Found a broken altar of Ashenzari.
  4160 | D:5      | Found a shadowy altar of Dithmenos.
  4160 | D:5      | Found a basalt altar of Yredelemnul.
  4160 | D:5      | Found an opulent altar of Gozag.
  4163 | D:5      | Found an iron altar of Okawaru.
  4164 | D:5      | Found a blossoming altar of Fedhas.
  4179 | D:5      | Became a worshipper of Vehumet
  4392 | D:5      | Noticed Duvessa
  4392 | D:5      | Noticed Dowan
  4420 | D:5      | Killed Duvessa
  4452 | D:5      | Killed Dowan
  4453 | D:5      | Reached skill level 1 in Evocations
  4453 | D:5      | Reached XP level 8. HP: 38/59 MP: 11/16
  4623 | D:5      | Found a staircase to the Ecumenical Temple.
  4663 | Temple   | Entered the Ecumenical Temple
  5088 | D:6      | Found a shimmering blue altar of Sif Muna.
  5209 | D:6      | Reached skill level 6 in Spellcasting
  5228 | D:6      | Noticed a hornet
  5232 | D:6      | Killed a hornet
  5533 | D:6      | Noticed a seven-headed hydra
  5763 | D:7      | Reached * piety under Vehumet
  5763 | D:7      | Offered knowledge of Foxfire by Vehumet.
  5772 | D:7      | Reached XP level 9. HP: 67/67 MP: 5/18
  5842 | D:7      | Noticed Menkaure
  5854 | D:7      | Killed Menkaure
  5901 | D:7      | Reached skill level 5 in Throwing
  5906 | D:7      | Noticed Joseph
  6759 | D:7      | Found a transporter.
  6761 | D:7      | Found a transporter.
  6899 | D:7      | Killed Joseph
  7277 | D:8      | Reached skill level 7 in Spellcasting
  7334 | D:8      | Reached ** piety under Vehumet
  7334 | D:8      | Offered knowledge of Sandblast by Vehumet.
  7346 | D:8      | Learned a level 1 spell: Sandblast
  7413 | D:8      | Learned a level 1 spell: Apportation
  7889 | D:8      | Reached XP level 10. HP: 57/74 MP: 9/20
  7997 | D:9      | Found Nemuqas's Distillery.
  8005 | D:9      | Bought a potion of brilliance for 52 gold pieces
  8005 | D:9      | Bought a potion of degeneration for 13 gold pieces
  8410 | D:9      | Found a bloodstained altar of Trog.
  8498 | D:9      | Noticed Erica
  8522 | D:9      | Killed Erica
  8856 | D:9      | Offered knowledge of Static Discharge by Vehumet.
  9073 | D:9      | Reached skill level 8 in Spellcasting
  9356 | D:9      | Bought 2 potions of heal wounds for 130 gold pieces
  9356 | D:9      | Bought a potion of heal wounds for 65 gold pieces
  9356 | D:9      | Bought a potion of curing for 39 gold pieces
  9356 | D:9      | Bought a potion of curing for 39 gold pieces
  9356 | D:9      | Bought a potion of curing for 39 gold pieces
  9356 | D:9      | Bought a potion of curing for 39 gold pieces
  9649 | D:6      | HP: 1/75 [seven-headed hydra (11)]
  9650 | D:6      | Slain by a seven-headed hydra

Illustrated notes

Levels and vault maps discovered:
D:1:      ncdulo_halloftheorcs, layout_loops_ring, serial_park_tiny_1,
          chequers_serial_rivers_micro_c, amcnicky_mini_corridor_feature
D:2:      kennysheep_six_static_rooms, layout_basic, basic_altar,
          minmay_small_reverse_x, uniq_natasha
D:3:      layout_basic, mainiacjoe_overflow_brackets,
          nicolae_ru_great_annihilating_truth
D:4:      layout_cave_pools, marbit_many_paths, lemuel_tele_altar
D:5:      wad_lake_hut, layout_basic, minitemple, temple_green, serial_rivers,
          chequers_serial_rivers_micro_a, chequers_serial_rivers_marsh,
          chequers_serial_rivers_small_a, chequers_serial_rivers_small_3,
          uniq_duvessa
D:6:      layout_basic, kennysheep_orc_sif_temple
D:7:      gammafunk_beogh_shrine, layout_basic, minmay_misc_feat_square,
          kennysheep_path_1, uniq_joseph, uniq_menkaure
D:8:      layout_basic, minmay_misc_feat_columns
D:9:      layout_loops_cross, old_standard_altar, serial_bayou,
          serial_bayou_crossing, serial_bayou_lagoon_b, serial_bayou_lake_a,
          serial_bayou_pond_d, serial_bayou_lagoon_a, serial_shops, shop_statue,
          uniq_erica
Temple:   dpeg_three_leaves_temple

Skill      XL: |  1  2  3  4  5  6  7  8  9 10 |
---------------+-------------------------------+-----
Dodging        | 2 3 4 |  4.2
Conjurations   | 5 6 7 |  7.5
Stealth        | 2 3 |  3.5
Spellcasting   | 3 4 5 6 7 8 |  8.1
Staves         | 1 2 |  2.5
Fighting       | 1 2 |  2.8
Transmutations | 1 |  1.0
Poison Magic   | 1 |  1.0
Ice Magic      | 1 2 3 |  3.1
Throwing       | 2 4 6 7 |  7.0
Evocations     | 1 |  1.2
Earth Magic    | 3 |  3.0
Short Blades   | |  0.1

Action                   |  1- 3 |  4- 6 |  7- 9 | 10-12 || total
-------------------------+-------+-------+-------+-------++-------
Melee: Unarmed           |     9 |       |       |       ||     9
       Dagger            |    33 |       |       |       ||    33
       Tailslap          |     3 |     5 |     4 |     2 ||    14
       Staff             |    15 |    53 |    31 |    14 ||   113
Throw: Dart              |       |    13 |   121 |    16 ||   150
       Stone             |       |       |     2 |       ||     2
       Boomerang         |       |       |       |     5 ||     5
 Cast: Magic Dart        |    76 |    85 |   132 |     6 ||   299
       Freeze            |     2 |     8 |    16 |       ||    26
       Searing Ray       |       |     4 |    28 |    27 ||    59
       Sting             |       |    19 |       |       ||    19
       Sandblast         |       |       |    17 |    28 ||    45
Evoke: Wand              |       |     5 |     5 |     6 ||    16
  Use: Scroll            |       |       |     8 |     1 ||     9
       Potion            |       |       |     1 |     5 ||     6
 Stab: Paralysed         |       |     2 |       |       ||     2
Armor: Skin              |    25 |    24 |    49 |    51 ||   149
Dodge: Dodged            |    55 |    57 |    87 |    61 ||   260
